 Dungeon Crawl Stone Soup version 0.31-a0-986-g5e6e4ef867 (webtiles) character file.

Game seed: 12344588068263272428

15 ytrimaz the Ruffian (level 2, -1/21 HPs)
             Began as a Demonspawn Shapeshifter on Nov 14, 2023.
             Slain by a kobold
             ... wielding a +2 dagger of distortion
              (5 damage)
             ... on level 1 of the Dungeon.
             The game lasted 00:00:26 (232 turns).

ytrimaz the Ruffian (Demonspawn Shapeshifter)        Turns: 232, Time: 00:00:27

Health: -1/21      AC:  2    Str: 20    XL:     2   Next: 34%
Magic:  2/2        EV: 12    Int: 11    God:
Gold:   49         SH:  0    Dex: 12    Spells: 1/1 levels left

rFire   . .          .
                       - Unarmed
rCold   . . .        (no shield)
rNeg    . . .        a - +0 animal skin
rPois   .            (helmet currently unavailable)
rElec   .            (cloak currently unavailable)
rCorr   .            (gloves currently unavailable)
SInv    .            (boots currently unavailable)
Will    .....        (no amulet)
Stlth   +            f - +6 ring of strength
HPRegen 0.23/turn    (no ring)
MPRegen 0.08/turn

%: no passive effects
@: beast-form
A: beast (slay +1), horns 1
a: Begin Untransformation


You were on level 1 of the Dungeon.
You were a hulking beast.
You visited 1 branch of the dungeon, and saw 1 of its levels.

You collected 49 gold pieces.


Innate Abilities, Weirdness & Mutations

You are a hulking beast.
Your limbs bulge with bestial killing power. (Slay +1)
You have a pair of small horns on your head.


   Skills:
 - Level 1.0 Fighting
 - Level 1.7 Dodging
 + Level 3.1 Unarmed Combat
 + Level 3.0 Shapeshifting


You had one spell level left.
You didn't know any spells.
Your spell library was empty.

Inventory:

Armour
 a - a +0 animal skin (worn)
Jewellery
 f - a +6 ring of strength (left hand)
   (You found it on level 1 of the Dungeon)
Talismans
 c - a beast talisman
 d - a flux talisman
Scrolls
 g - a scroll of identify
Potions
 b - 2 potions of lignification
 e - 2 potions of curing
 h - a potion of resistance {unknown}

Dungeon Overview and Level Annotations

Branches:
Dungeon (1/15) Zot: 5768

Altars:

############# #...........#
#...........#
#...........###
#.............#############
#......$..hK.........^.....
#.................###......
#........†..†.......#......
#...............###.#......
#...........##.)..#.#......
#########.........#.#......
#...#..#..$.#......
#...#####..........
#........#.?.......


You could see a kobold.


Message History

The giant cockroach closely misses you. 😕 HP[-1]
You take 1 damage, and now have 19/21 hp.
You punch the giant cockroach!
You kill the giant cockroach!
The rat bites you.
Your Shapeshifting skill increases to level 3! 😕 HP[-2]
You take 2 damage, and now have 17/21 hp.
Unknown command.
The rat bites you.
You hit the rat but do no damage. Your headbutt misses the rat.
The kobold throws a stone.
The stone hits you. The rat misses you.
Unknown command. 😕 HP[-1]
You take 1 damage, and now have 16/21 hp.
You punch the rat!
You kill the rat!
A ball python comes into view.
The kobold closely misses you.
You see here a quokka corpse.
Unknown command.
You barely miss the kobold. The kobold barely misses you. 😕 HP[+1]
The ball python hisses angrily.
You hit the kobold.
You kill the kobold!
Unknown command.
The ball python bites you. The ball python closely misses you.
The ball python bites you. The ball python barely misses you.
The ball python closely misses you.
The ball python barely misses you. 😕 HP[-1]
You take 1 damage, and now have 16/21 hp.
Unknown command.
You barely miss the ball python. The ball python closely misses you.
The ball python grabs you. The ball python constricts you.
You hit the ball python.
You kill the ball python!
A giant cockroach comes into view.
You see here a ball python corpse. 😕 HP[+1] Unknown command.
A giant cockroach is nearby!
A giant cockroach is nearby!
You hit the giant cockroach but do no damage.
The giant cockroach misses you.
You hit the giant cockroach.
You kill the giant cockroach!
Unknown command.
You see here a giant cockroach corpse. 😕 HP[+1] No target in view!
No target in view!
Unknown command.
A ball python is nearby!
A ball python is nearby! 😎 HP[+3]
Your hp is fully restored (21).
A ball python is nearby!
Unknown command.
The ball python hisses angrily.
The ball python bites you. The ball python grabs you.
The ball python constricts you. 😕 HP[-4]
You take 4 damage, and now have 17/21 hp.
You closely miss the ball python. You headbutt the ball python.
You kill the ball python!
No target in view! 😕 HP[+1]
A kobold comes into view.
It is wielding a +2 dagger of distortion. 😎 HP[+3]
Your hp is fully restored (21).
The kobold shouts!
There is a stone staircase leading down here.
You barely miss the kobold.
The kobold hits you with a +2 dagger of distortion.
Space warps around you. 😮 HP[-7]
You take 7 damage, and now have 14/21 hp.
MASSIVE DAMAGE!! (PAUSE)
You hit the kobold but do no damage. Your headbutt misses the kobold.
The kobold hits you but does no damage. Space warps horribly around you!
* * * LOW HITPOINT WARNING * * *
😱 HP[-9]
You take 9 damage, and now have 5/21 hp.
MASSIVE DAMAGE!! (PAUSE)
You barely miss the kobold. Your headbutt misses the kobold.
The kobold hits you with a +2 dagger of distortion.
* * * LOW HITPOINT WARNING * * *
😱 HP[-1]
You take 1 damage, and now have 4/21 hp.
Unknown command.
As you read the scroll labelled TEDUTUOTURUI, it crumbles to dust.
It is a scroll of identify.
e - 2 potions of curing The kobold hits you with a +2 dagger of distortion.
You die...

Skill      XL: |  1  2 |
---------------+-------+-----
Unarmed Combat | 3 |  3.1
Shapeshifting  | 3 |  3.0
Fighting       | |  1.0
Dodging        | |  1.7

Action                     || total
---------------------------++-------
  Melee: Unarmed           ||    25
         Punch             ||     1
         Headbutt          ||     1
    Use: Scroll            ||     1
   Stab: Sleeping          ||     1
 Armour: Animal skin       ||    17
  Dodge: Dodged            ||    17

Levels and vault maps discovered:
D:1:      dreamdust_arrival_beginning_and_end, layout_basic,
          ebering_ecumenical_altar_petrified

Notes
Turn   | Place    | Note
-------+----------+-------------------------------------------
     0 | D:1      | ytrimaz the Demonspawn Shapeshifter began the quest for the
                  | Orb.
     0 | D:1      | Reached XP level 1. HP: 15/15 MP: 1/1
     0 | D:1      | magus.rc [v1.9.6]
   111 | D:1      | Found a faded altar of an unknown god.
   121 | D:1      | Reached skill level 3 in Unarmed Combat
   170 | D:1      | Gained mutation: You have a pair of small horns on your
                  | head. [demonic ancestry]
   170 | D:1      | Reached XP level 2. HP: 21/21 MP: 2/2
   173 | D:1      | Reached skill level 3 in Shapeshifting
   230 | D:1      | HP: 5/21 [kobold/+2 dagger of distortion (10)]
   232 | D:1      | Slain by a kobold

Vanquished Creatures
  A dart slug (D:1)
  A bat (D:1)
  An endoplasm (D:1)
  2 giant cockroaches (D:1)
  A goblin (D:1)
  A quokka (D:1)
  2 ball pythons (D:1)
  A kobold (D:1)
  2 rats (D:1)
12 creatures vanquished.

Table legend:
 A = Non-vault XP
 B = Vault XP
 C = Vault XP percentage of total XP
 D = Non-vault monster count
 E = Vault monster count
 F = Vault count percentage of total count
                 A         B        C        D         E       F
            +---------+---------+-------+---------+---------+-------
      Total |      22 |       0 |   0.0 |      12 |       0 |   0.0
            +---------+---------+-------+---------+---------+-------
        D:1 |      22 |       0 |   0.0 |      12 |       0 |   0.0
            +---------+---------+-------+---------+---------+-------

Skill      XL: |  1  2 |
---------------+-------+-----
Unarmed Combat | 3 |  3.1
Shapeshifting  | 3 |  3.0
Fighting       | |  1.0
Dodging        | |  1.7

Action                     || total
---------------------------++-------
  Melee: Unarmed           ||    25
         Punch             ||     1
         Headbutt          ||     1
    Use: Scroll            ||     1
   Stab: Sleeping          ||     1
 Armour: Animal skin       ||    17
  Dodge: Dodged            ||    17

Illustrated notes

Table legend:
 A = Kills in this place as a percentage of kills in the entire game.
 B = Kills by you in this place as a percentage of kills by you in the entire game.
 C = Kills by friends in this place as a percentage of kills by friends in the entire game.
 D = Other kills in this place as a percentage of other kills in the entire game.
 E = Experience gained in this place as a percentage of experience gained in the entire game.
 F = Experience gained in this place divided by the number of levels of this place that you have seen.
                   A       B       C       D       E      F
               +-------+-------+-------+-------+-------+----------------------
         Total | 100.0 | 100.0 |   N/A |   N/A | 100.0 |  22.0
       Dungeon | 100.0 | 100.0 |   N/A |   N/A | 100.0 |  22.0
               +-------+-------+-------+-------+-------+----------------------

Table legend: (Time is in decaauts)
 A = Elapsed time spent in this place.
 B = Non-inter-level travel time spent in this place.
 C = Inter-level travel time spent in this place.
 D = Time resting spent in this place.
 E = Time spent auto-exploring this place.
 F = Levels seen in this place.
 G = Mean time per level.
                   A        B        C        D        E       F      G
               +--------+--------+--------+--------+--------+-----+--------+
         Total |    230 |    230 |      0 |      0 |    158 |   1 |  230.0 |
       Dungeon |    230 |    230 |      0 |      0 |    158 |   1 |  230.0 |
               +--------+--------+--------+--------+--------+-----+--------+

Top non-repeatable levels by time:
     D:1: 230 daAuts
